 Dungeon Crawl Stone Soup version 0.17.0-23-g0de4337 (webtiles) character file.

7450 MDvedh the Basher (level 11, -18/61 HPs)
             Began as a Vine Stalker Chaos Knight on Nov 13, 2015.
             Demolished by a catoblepas (22 damage)
             ... in a labyrinth.
             The game lasted 00:17:56 (8011 turns).

MDvedh the Basher (Vine Stalker Chaos Knight)       Turns: 8011, Time: 00:17:56

Health: -18/61     AC:  9    Str: 23    XL:     11   Next: 15%
Magic:  0/12       EV:  9    Int: 14    God:    Xom [*.....]
Gold:   772        SH:  0    Dex: 14    Spells: 0 memorised, 10 levels left

rFire  x . .     SeeInvis .     (weapon currently unavailable)
rCold  + + +     Clarity  .     (armour currently unavailable)
rNeg   . . .     SustAt   .     (shield currently unavailable)
rPois  +         Gourm    .     (helmet currently unavailable)
rElec  .         Spirit   +     (cloak currently unavailable)
rCorr  .         Warding  .     (gloves currently unavailable)
rMut   .         Stasis   .     (boots currently unavailable)
MR     +....                    (no amulet)
Stlth  +.........               F - +3 ring of slaying
                                x - ring of protection from cold

@: mighty, ice-form, somewhat resistant to hostile enchantments, very unstealthy
A: (fangs 0), (molten scales 0), (slimy green scales 0), clever 1, regeneration
2, wild magic 1, magic shield, (antimagic bite), no device heal 3, rot immunity
a: Renounce Religion


You were in a labyrinth.
You worshipped Xom.
You were a special plaything of Xom.
You were not hungry.
You were a creature of crystalline ice.
You visited 2 branches of the dungeon, and saw 12 of its levels.
You also visited: Labyrinth and Ossuary.

You collected 772 gold pieces.

Inventory:

Hand Weapons
 w - a +3 mace of venom (melded)
Armour
 e - a +0 pair of gloves (melded)
 k - a +1 plate armour of fire resistance (melded)
 o - a +0 cloak (melded)
 u - a +2 hat (melded)
Jewellery
 d - an uncursed ring of ice
 x - a ring of protection from cold (left front paw)
 A - an uncursed ring of sustain attributes
 F - a +3 ring of slaying (right front paw)
Wands
 a - a wand of magic darts (34)
 i - a wand of lightning (5)
 p - a wand of fireball (4)
 r - a wand of disintegration (18)
 y - a wand of flame (33)
 D - a wand of disintegration (11)
 E - a wand of draining (13)
Scrolls
 f - 7 scrolls of teleportation
 j - 4 scrolls of remove curse
 m - 3 scrolls of noise
 q - 2 scrolls of enchant armour
 s - 3 scrolls of fear
 v - a scroll of enchant weapon
 C - 2 scrolls of blinking
 I - a scroll of fog
Potions
 g - 2 potions of flight
 h - a potion of might
 l - a potion of agility {unknown}
 n - a potion of resistance
 z - 2 potions of curing {unknown}
 B - a potion of invisibility {unknown}
 G - 2 potions of magic {unknown}
 H - a potion of haste {unknown}
Comestibles
 b - 6 fruits
 c - 4 bread rations
 t - 3 beef jerkies


   Skills:
 - Level 2.6 Fighting
 + Level 14.9 Maces & Flails
 - Level 1.5 Armour
 - Level 0.7 Dodging


You had 10 spell levels left.
You didn't know any spells.

Dungeon Overview and Level Annotations

Branches:
Dungeon (11/15)            Temple (0/1) D:5            Lair (1/8) D:9
    Orc: D:9-12

Altars:
Ashenzari
Cheibriados
Fedhas
Gozag
Makhleb
Nemelex Xobeh
Okawaru
Qazlal
Ru
Yredelemnul
The Shining One


Innate Abilities, Weirdness & Mutations

((You have razor-sharp teeth.))
You heal very quickly.
When hurt, damage is shared between your health and your magic reserves.
((Your bite disrupts and absorbs the magic of your enemies.))
Potions and wands cannot restore your health.
You are immune to rotting.
((You are partially covered in molten scales (AC +1).))
((You are partially covered in slimy green scales (AC +2).))
Your mind is acute. (Int +2)
Your spells are a little harder to cast, but a little more powerful.


Message History

You punch the catoblepas! You freeze the catoblepas.
The catoblepas is heavily wounded.
The catoblepas breathes a plume of calcifying dust at you.
The blast of calcifying dust hits you!
You punch the catoblepas! You freeze the catoblepas!
The catoblepas is severely wounded.
You are engulfed in calcifying dust.
The catoblepas gores you!!
* * * LOW HITPOINT WARNING * * *
You emit a cloud of colourful smoke!
Unknown command.
Drink which item? (? for menu, Esc to quit)
Okay, then.
The catoblepas gores you!
* * * LOW HITPOINT WARNING * * *
Unknown command.
You punch the catoblepas! You freeze the catoblepas.
The catoblepas is almost dead.
The catoblepas gores you!!
You die...
Xom snickers!

# . . # # .
. . #.# ##.
#.## # #..
#. .. . # .
.. ▓▓▓▓▓▓ #
## ..▓ ▓...
. .# ###.▓
▓▓▓+▓▓ ▓.
.#. ...▓
▓..⌠.▓
▓...#. .
##.▓▓▓§Y..▓
..## ## .
#..'§§§Y.⌠+
▓...# .
#..▓▓▓§§..▓
▓.#. .#
#..▓ ▓▓+▓▓▓
▓.#.#.#.
#..▓ .. ###
# .▓▓▓▓▓▓
▓▓▓ . . . #
#..... .
...## . . #
. #.#..
....#...
.#.#.#.##
.###.# #


You could see a catoblepas.

Vanquished Creatures
  Gastronok (Lair:1)
  An elephant (D:9)
  A spiny frog (Lair:1)
  A komodo dragon (Lair:1)
  2 hippogriffs
  4 hungry ghosts (Lab)
  Menkaure (D:7)
  A water moccasin (D:9)
  A porcupine (Lair:1)
  An ice beast (D:9)
  3 orc warriors
  A sky beast (D:6)
  A black bear (D:8)
  2 ogres
  3 centaurs
  2 big kobolds
  3 elf zombies
  7 giant frogs
  A scorpion (D:7)
  11 killer bees
  2 jellies
  A quasit (D:8)
  4 human zombies
  3 hounds
  5 orc priests
  A centaur zombie (Ossuary)
  2 giant frog skeletons (D:9)
  A human skeleton (D:7)
  11 orc wizards
  An iguana (D:8)
  7 worker ants
  A big kobold zombie (Ossuary)
  2 sheep (D:9)
  2 hound zombies
  2 hound skeletons
  2 mummies (Ossuary)
  Robin (D:4)
  5 gnolls
  8 adders
  A shadow imp (D:6)
  3 oozes
  An adder skeleton (D:4)
  A worm (D:2)
  27 orcs
  5 ball pythons
  2 giant cockroaches
  2 gnoll zombies (D:8)
  14 hobgoblins
  3 jackals (D:4)
  11 kobolds
  3 quokkas
  3 bats
  3 giant geckos
  4 giant newts
  15 goblins
  2 goblin zombies (Ossuary)
  8 hobgoblin zombies (Ossuary)
  2 jackal zombies (Ossuary)
  9 kobold zombies (Ossuary)
  An orc skeleton (D:7)
  8 orc zombies (Ossuary)
  10 rats
  2 rat zombies (Ossuary)
249 creatures vanquished.

Vanquished Creatures (collateral kills)
  2 ogres (D:4)
  3 wights (D:3)
  An adder (D:4)
  An orc (D:7)
  A goblin (D:3)
  2 kobolds (D:7)
  A ball python (D:4)
  An orc zombie (D:7)
12 creatures vanquished.

Vanquished Creatures (others)
  2 killer bees (D:7)
2 creatures vanquished.

Grand Total: 263 creatures vanquished

Notes
Turn   | Place    | Note
--------------------------------------------------------------
     0 | D:1      | MDvedh the Vine Stalker Chaos Knight began the quest for the Orb.
     0 | D:1      | Reached XP level 1. HP: 11/11 MP: 2/2
   155 | D:1      | Reached skill level 3 in Maces & Flails
   194 | D:1      | Found a shattered altar of Ashenzari.
   241 | D:1      | Reached XP level 2. HP: 16/16 MP: 1/3
   703 | D:2      | XOM: potion effect (haste)
   709 | D:2      | Reached XP level 3. HP: 17/19 MP: 4/4
   874 | D:2      | Reached skill level 4 in Maces & Flails
   954 | D:2      | Found a blossoming altar of Fedhas.
   965 | D:2      | Found a stormy altar of Qazlal.
  1006 | D:2      | XOM: silly message
  1152 | D:2      | XOM: polymorph giant newt -> ball python
  1234 | D:2      | Found a burning altar of Makhleb.
  1238 | D:2      | Reached XP level 4. HP: 23/23 MP: 5/5
  1421 | D:3      | XOM: medium Erth miscast
  1564 | D:3      | XOM: god gift: 41 gold pieces
  1693 | D:3      | XOM is BORED!
  1693 | D:3      | XOM: mild Chrm miscast
  1962 | D:3      | Found a glowing golden altar of the Shining One.
  1973 | D:3      | Reached skill level 5 in Maces & Flails
  1987 | D:3      | XOM: god gift: scroll labeled AQIMACW EPNA
  2066 | D:3      | Reached XP level 5. HP: 27/27 MP: 6/6
  2202 | D:3      | Found a sparkling altar of Nemelex Xobeh.
  2354 | D:4      | Noticed an ogre
  2382 | D:4      | Killed an ogre
  2382 | D:4      | Reached skill level 6 in Maces & Flails
  2382 | D:4      | Gained mutation: You heal very quickly. [Vine Stalker growth]
  2382 | D:4      | Reached XP level 6. HP: 20/32 MP: 4/7
  2427 | D:4      | Noticed an ogre
  2431 | D:4      | Killed an ogre
  2744 | D:4      | Noticed Robin
  2770 | D:4      | Killed Robin
  2770 | D:4      | Reached skill level 7 in Maces & Flails
  2770 | D:4      | Reached XP level 7. HP: 16/35 MP: 6/8
  3000 | D:4      | XOM: give mutations
  3000 | D:4      | Gained mutation: Your mind is acute. (Int +2) [Xom's grace]
  3000 | D:4      | Gained mutation: You are partially covered in slimy green scales (AC +2). [Xom's grace]
  3000 | D:4      | Gained mutation: You are partially covered in molten scales (AC +1). [Xom's grace]
  3000 | D:4      | Gained mutation: Your spells are a little harder to cast, but a little more powerful. [Xom's grace]
  3246 | D:5      | Entered Level 5 of the Dungeon
  3305 | D:5      | Found a staircase to the Ecumenical Temple.
  3336 | D:5      | XOM: confuse monster(s)
  3821 | D:5      | Reached skill level 8 in Maces & Flails
  3828 | D:5      | XOM: harmless Summ miscast
  4191 | D:6      | Got a polished shield
  4197 | D:6      | Identified the cursed +0 shield of Mexkadghy {-Tele rN+++ Dex+3 Slay-6} (You found it on level 6 of the Dungeon)
  4375 | D:6      | Gained mutation: You have razor-sharp teeth. [Vine Stalker growth]
  4375 | D:6      | Reached XP level 8. HP: 26/39 MP: 5/9
  4555 | D:6      | XOM: divination: detect creatures
  4650 | D:7      | Noticed Menkaure
  4654 | D:7      | XOM: god gift: tourmaline ring {god gift}
  4675 | D:7      | Killed Menkaure
  4675 | D:7      | Reached skill level 9 in Maces & Flails
  4754 | D:7      | XOM: destruction
  4766 | D:7      | Found an iron altar of Okawaru.
  4771 | D:7      | XOM: vitrification
  4817 | D:7      | XOM: god gift: tapered iron wand {god gift}
  4860 | D:7      | XOM: smoke on damage
  4869 | D:7      | Reached skill level 10 in Maces & Flails
  4934 | D:7      | XOM: divination: detect items
  4935 | D:7      | XOM: destruction
  4939 | D:7      | XOM: summons friendly shadow imp
  4963 | D:7      | XOM: 6-stop teleportation journey
  5042 | D:7      | Reached XP level 9. HP: 43/43 MP: 10/10
  5091 | D:7      | Found a sacrificial altar of Ru.
  5162 | D:7      | Found a sand-covered staircase.
  5167 | Ossuary  | Entered an ossuary
  5392 | Ossuary  | Reached skill level 11 in Maces & Flails
  5580 | D:7      | XOM: polymorph orc -> ball python
  5843 | D:8      | Reached skill level 12 in Maces & Flails
  6003 | D:8      | Found an opulent altar of Gozag.
  6063 | D:8      | XOM: enchant monster (good)
  6156 | D:8      | Found a basalt altar of Yredelemnul.
  6235 | D:8      | XOM: swap monsters
  6270 | D:8      | Found a snail-covered altar of Cheibriados.
  6384 | D:9      | Reached XP level 10. HP: 42/47 MP: 11/11
  6457 | D:9      | XOM: potion effect (berserk rage)
  6591 | D:9      | XOM: polymorph killer bee -> gnoll
  6660 | D:9      | Reached skill level 13 in Maces & Flails
  6664 | D:9      | XOM: harmless Air miscast
  6665 | D:9      | XOM: silly message
  6674 | D:9      | XOM: silly message
  6677 | D:9      | XOM: confusion
  6780 | D:9      | Found a staircase to the Lair.
  6780 | D:9      | Noticed an elephant
  6791 | D:9      | Killed an elephant
  6908 | D:9      | You fall through a shaft for 2 floors!
  6935 | D:10     | Entered Level 10 of the Dungeon
  6950 | D:10     | XOM: draining
  6975 | D:10     | XOM: summons 2 friendly demons
  6998 | D:9      | XOM: 1-stop teleportation journey
  7033 | Lair:1   | Entered Level 1 of the Lair of Beasts
  7054 | Lair:1   | XOM: blink monster(s)
  7096 | Lair:1   | Noticed Gastronok
  7144 | Lair:1   | Killed Gastronok
  7144 | Lair:1   | Reached skill level 14 in Maces & Flails
  7144 | Lair:1   | Reached XP level 11. HP: 46/51 MP: 12/12
  7304 | Lair:1   | Found a labyrinth entrance.
  7411 | Lab      | Entered a labyrinth
  8002 | Lab      | Noticed a minotaur
  8004 | Lab      | Noticed a catoblepas
  8004 | Lab      | a minotaur changed into a catoblepas
  8004 | Lab      | XOM: polymorph minotaur -> catoblepas
  8005 | Lab      | XOM: cast spell 'Ice Form'
  8009 | Lab      | XOM: smoke on damage
  8010 | Lab      | HP: 3/61 [catoblepas (11)]
  8011 | Lab      | Demolished by a catoblepas

Action                   |  1- 3 |  4- 6 |  7- 9 | 10-12 || total
-------------------------+-------+-------+-------+-------++-------
Melee: Mace              |    87 |   129 |   425 |   168 ||   809
       Unarmed           |       |       |       |     5 ||     5
  Use: Scroll            |       |    12 |    10 |       ||    22
       Potion            |       |     1 |     1 |     1 ||     3
 Stab: Paralysed         |     2 |       |       |       ||     2
       Petrifying        |       |     1 |       |       ||     1
       Distracted        |       |       |     1 |       ||     1
  Eat: Chunk             |     1 |     5 |     7 |     3 ||    16
       Meat ration       |       |       |     1 |     2 ||     3
       Beef jerky        |       |       |       |     1 ||     1
       Bread ration      |       |       |       |     3 ||     3
